 Dungeon Crawl Stone Soup version 0.31-a0-632-g766dd24fdf (webtiles) character file.

Game seed: 17828859825609312117

5071 ytrimaz the Grappler (level 10, 0/88 HPs)
             Began as an Octopode Shapeshifter on Aug 25, 2023.
             Was a Follower of Ashenzari.
             Slain by a wyvern (12 damage)
             ... on level 9 of the Dungeon.
             The game lasted 00:10:45 (9407 turns).

ytrimaz the Grappler (Octopode Shapeshifter)        Turns: 9407, Time: 00:10:45

Health: 0/88       AC: 25    Str: 17    XL:     10   Next: 56%
Magic:  10/10      EV:  2    Int:  5    God:    Ashenzari [*.....]
Gold:   564        SH:  0    Dex: 18    Spells: 9/9 levels left

rFire   . .          .
                       - Unarmed
rCold   . . .        (no shield)
rNeg    + . .        (helmet currently unavailable)
rPois   +            a - amulet of the acrobat
rElec   +            u - ring of poison resistance
rCorr   .            z - ring of positive energy
SInv    .            D - ring "Mysticism of Ashenzari" {Fly, Fort, Self} (curse)
Will    .....        F - ring "Burden of Ashenzari" {Ice, Fort, Melee} (curse)
Stlth   +++          d - ring "Odel Soi" {Fire rElec Int-5 Dex+3}
HPRegen 0.34/turn    G - ring of Lialooh {rElec EV+5 Stlth+}
MPRegen 0.12/turn    (no ring)
                     (no ring)

%: acrobat
@: tree-form, studying Poison Magic
A: stationary, stasis, torment immunity, boosted hp, almost no armour,
(amphibious), 8 rings, (camouflage 1), (gelatinous body 1), (nimble swimmer 1),
(tentacles)
a: Renounce Religion, Shatter the Chains


You were on level 9 of the Dungeon.
You worshipped Ashenzari.
Ashenzari was aware of your devotion.
You were a tree.
You visited 2 branches of the dungeon, and saw 10 of its levels.

You collected 564 gold pieces.


Innate Abilities, Weirdness & Mutations

You are a tree.
Your roots penetrate the ground, keeping you stationary.
You cannot be teleported.
You are immune to unholy pain and torment.
Your maximum health is greatly increased.
You cannot wear most types of armour.
((You are amphibious.))
You can wear up to eight rings at the same time.
((Your skin changes colour to match your surroundings (Stealth+).))
((Your rubbery body absorbs attacks. (AC +1, EV +1)))
((You are camouflaged when in or above water. (Stealth+)))
((You have tentacles for arms and can constrict up to eight enemies at once.))


   Skills:
 - Level 1.0(1.4) Fighting
 + Level 4.9 Dodging
 - Level 11.0(11.7) Unarmed Combat
 + Level 9.9 Shapeshifting


You had 9 spell levels left.
You didn't know any spells.
Your spell library contained the following spells:

 Spells                   Type           Power      Damage    Failure   Level
 Apportation              Tloc           0%         N/A       47%         1
 Foxfire                  Conj/Fire      0%         2x1d4     47%         1
 Necrotise                Necr           0%         1d4       47%         1
 Summon Small Mammal      Summ           0%         N/A       47%         1
 Cigotuvi's Dreadful Rot  Necr/Pois/Air  0%         N/A       63%         2
 Ensorcelled Hibernation  Hex/Ice        0%         N/A       63%         2
 Lesser Beckoning         Tloc           0%         N/A       63%         2
 Passwall                 Tmut/Erth      0%         N/A       63%         2
 Sublimation of Blood     Necr           0%         N/A       63%         2
 Wereblood                Tmut           0%         N/A       63%         2
 Gell's Gravitas          Tloc           0%         N/A       85%         3
 Ignite Poison            Fire/Tmut/Pois 0%         N/A       85%         3
 Swiftness                Air            0%         N/A       85%         3
 Teleport Other           Tloc           0%         N/A       85%         3
 Freezing Cloud           Conj/Ice/Air   0%         6-21      100%        5
 Plasma Beam              Fire/Air       0%         2x1d10    100%        6
 Starburst                Conj/Fire      0%         6d3       100%        6
 Summon Hydra             Summ           0%         N/A       100%        7

Inventory:

Jewellery
 a - an amulet of the acrobat (around neck)
   (You found it on level 5 of the Dungeon)
 d - the ring "Odel Soi" (on tentacle) {Fire rElec Int-5 Dex+3}
   (You took it off a wight on level 5 of the Dungeon)

   [ring of fire]

   Fire:      It enhances your fire magic.
   Int-5:     It affects your intelligence (-5).
   Dex+3:     It affects your dexterity (+3).
   rF+:       It protects you from fire.
   rC-:       It makes you vulnerable to cold.
   rElec:     It insulates you from electricity.
 t - a ring of fire
   (You found it on level 4 of the Dungeon)
 u - a ring of poison resistance (left branch)
   (You found it on level 4 of the Dungeon)
 z - a ring of positive energy (right branch)
   (You found it on level 6 of the Dungeon)
 C - a ring of fire
   (You found it on level 7 of the Dungeon)
 D - the cursed ring "Mysticism of Ashenzari" (on tentacle) {Fly, Fort, Self}
   (You found it on level 7 of the Dungeon)

   [ring of flight]

   Fly:       It grants you flight.
   It has a curse which improves the following skills: Fortitude: Shields.
   Introspection: Fighting and Spellcasting.
 F - the cursed ring "Burden of Ashenzari" (on tentacle) {Ice, Fort, Melee}
   (You found it on level 7 of the Dungeon)

   [ring of ice]

   Ice:       It enhances your ice magic.
   rF-:       It makes you vulnerable to fire.
   rC+:       It protects you from cold.
   It has a curse which improves the following skills: Fortitude: Shields.
   Melee Combat: Short Blades, Long Blades, Axes, Maces & Flails, Polearms,
   Staves and Unarmed Combat.
 G - the ring of Lialooh (on tentacle) {rElec EV+5 Stlth+}
   (You found it on level 7 of the Dungeon)

   [ring of evasion]

   EV+5:      It affects your evasion (+5).
   rElec:     It insulates you from electricity.
   Stlth+:    It makes you more stealthy.
Talismans
 b - a beast talisman
 c - a flux talisman
 p - a talisman of death
   (You found it on level 3 of the Dungeon)
Wands
 y - a wand of light (9)
   (You found it on level 6 of the Dungeon)
Scrolls
 e - 2 scrolls of fear
 f - 3 scrolls of enchant armour
 g - 4 scrolls of revelation
 h - a scroll of acquirement
 i - 3 scrolls of amnesia
 k - 3 scrolls of poison
 l - 2 scrolls of teleportation
 m - 2 scrolls of vulnerability
 s - 4 scrolls of identify
 v - a scroll of silence
 x - 2 scrolls of immolation
 A - a scroll of enchant weapon
Potions
 j - 4 potions of heal wounds
 n - a potion of magic
 o - a potion of cancellation
 q - 2 potions of resistance
 r - 2 potions of might
 B - a potion of lignification
 E - a potion of mutation
 H - a potion of brilliance
 I - a potion of curing

Dungeon Overview and Level Annotations

Branches:
Dungeon (9/15) Zot: 26913  Temple (1/1) D:6 Zot: 5994    Lair (0/5) D:8
    Orc: D:9-12

Altars:
Ashenzari
Cheibriados
Dithmenos
Elyvilon
Fedhas
Gozag
Hepliaklqana
Kikubaaqudgha
Makhleb
Nemelex Xobeh
Okawaru
Qazlal
Ru
Sif Muna
Trog
Uskayaw
Vehumet
Wu Jian
Xom
Yredelemnul
Zin
The Shining One

Shops:
D:6 *

Annotations:
D:6 1 runed translucent door, 2 transporters, Age's ghost, novice MiFi; Crazy Yiuf
D:9 2 transporters, bobarctor's ghost, novice DsNe

......##.....##.......
........#.......##......
......>.#(......##......
................##......
........................
#.......................
#.......................
###.....)...............
#.....lā™£................
#..............#........
#...#...###....#........
### ##### #............#
#............#
#.............
#.....##...... ##....#
...... #...## ######


You could see a wyvern.


Message History

Key pressed, stopping explore.
Key pressed, stopping explore.
Found a stone staircase leading down.
Ashenzari invites you to partake of a vision and a curse of fortitude and melee combat.
Done exploring.
Done exploring.
Done exploring.
There is a stone staircase leading down here.
That's the wrong kind of item! (Use * to select it.) Curse which item? (Esc to abort) (? for menu, Esc to quit)
Huh?
Curse which item? (Esc to abort) (? for menu, Esc to quit)
Your ring of ice glows black for a moment.
Ashenzari will now identify your possessions.
e - 2 scrolls of fear;
f - 3 scrolls of enchant armour
g - 4 scrolls of revelation;
h - a scroll of acquirement
i - 3 scrolls of amnesia;
j - 4 potions of heal wounds;
k - 3 scrolls of poison
l - 2 scrolls of teleportation;
m - 2 scrolls of vulnerability
n - a potion of magic;
o - a potion of cancellation
q - 2 potions of resistance;
r - 2 potions of might;
s - 4 scrolls of identify
v - a scroll of silence;
x - 2 scrolls of immolation
A - a scroll of enchant weapon;
E - a potion of mutation
H - a potion of brilliance šŸ˜Ž HP[+1]
You now have 59 max hp (+1).
Your hp is fully restored (59).
Unknown command.
There is a stone staircase leading down here.
You fly downwards.
Found 19 gold pieces.
Found an escape hatch in the floor.
There is a stone staircase leading up here.
Unknown command.
You now have 549 gold pieces (gained 19).
Key pressed, stopping explore.
Bobarctor's ghost turns its malevolent gaze towards you.
You hear an angry hiss.
Key pressed, stopping explore.
No target in view!
No target in view!
Found a stone staircase leading down.
You now have 556 gold pieces (gained 7).
A wyvern comes into view.
A wyvern is nearby!
A wyvern is nearby!
A wyvern is nearby!
Found an escape hatch in the ceiling.
The helpless wyvern fails to defend itself.
You bludgeon the wyvern! The wyvern closely misses you.
You bludgeon the wyvern!
Your tentacle-slap misses the wyvern.
You squeeze the wyvern!
You kill the wyvern!
Unknown command.
You now have 564 gold pieces (gained 8).
A centaur comes into view.
Found a stone staircase leading down.
A centaur is nearby!
A centaur is nearby!
A centaur is nearby!
The centaur shouts!
The centaur wields a +0 shortbow.
The centaur shoots an arrow.
The arrow hits you! šŸ˜• HP[-10]
You take 10 damage, and now have 49/59 hp.
The centaur shoots an arrow.
The arrow hits you! šŸ˜® HP[-11]
You take 11 damage, and now have 38/59 hp.
You are too injured to fight recklessly!
You are too injured to fight recklessly!
A wyvern comes into view.
The centaur shoots an arrow.
The arrow hits you. šŸ˜® HP[-1]
You take 1 damage, and now have 37/59 hp.
The centaur unwields a +0 shortbow.
The centaur completely misses you. The centaur misses you.
The centaur misses you. The centaur kicks you. The wyvern bites you!!
* * * LOW HITPOINT WARNING * * *
The centaur completely misses you. The centaur closely misses you.
The wyvern completely misses you. The centaur completely misses you.
The centaur kicks you.
* * * LOW HITPOINT WARNING * * *
šŸ˜Ø HP[-22]
You take 22 damage, and now have 15/59 hp.
MASSIVE DAMAGE!! (PAUSE)
You bludgeon the centaur! The wyvern completely misses you.
The centaur completely misses you. The centaur misses you.
Unknown command.
Your transformation has ended.
You turn into a tree.
Your roots penetrate the ground.
The wyvern bites you!
* * * LOW HITPOINT WARNING * * *
The centaur hits you.
* * * LOW HITPOINT WARNING * * *
The centaur kicks you but does no damage.
The wyvern bites you but does no damage. šŸ˜± HP[-3]
You now have 88 max hp (+29).
Unknown command.
You pummel the centaur!!
You kill the centaur!
The wyvern bites you!
You die...

Skill      XL: |  1  2  3  4  5  6  7  8  9 10 |
---------------+-------------------------------+-----
Unarmed Combat | 5 6 7 9 10 11 | 11.0
Shapeshifting  | 4 6 7 9 |  9.9
Dodging        | 4 |  4.9
Fighting       | |  1.0

Action                     |  1- 3 |  4- 6 |  7- 9 | 10-12 || total
---------------------------+-------+-------+-------+-------++-------
  Melee: Unarmed           |    31 |    72 |   253 |    78 ||   434
         Constrict         |     6 |    24 |    55 |    26 ||   111
         Tentacles         |     2 |    14 |    61 |    21 ||    98
         Punch             |     1 |     4 |    12 |     6 ||    23
 Invoke: Curse Item        |       |       |     1 |     1 ||     2
  Evoke: Wand              |       |       |     7 |     4 ||    11
    Use: Potion            |     1 |       |     5 |     1 ||     7
   Stab: Sleeping          |     3 |    10 |     8 |     4 ||    25
         Distracted        |       |       |     1 |       ||     1
 Armour: Skin              |     6 |     4 |    31 |     4 ||    45
  Dodge: Dodged            |    11 |    40 |   178 |    84 ||   313

Levels and vault maps discovered:
D:1:      scummos_arrival_simple_crosswalls, layout_loops_cross,
          hellmonk_ecumenical_altar_inner_sanctum
D:2:      minmay_inner_zag, layout_rooms, serial_co_window_serial,
          co_window_paths_a, co_window_corner_a, co_window_paths_a,
          co_window_cross_1, co_window_corner_a, co_window_corner_b,
          co_window_cross_2, co_window_broadway_c, co_window_paths_d,
          glass_columns_a, glass_columns_a, glass_columns_a, glass_columns_b,
          uniq_sigmund, uniq_natasha
D:3:      layout_rooms, nrook_loot_triangle, eino_tiny_chamber
D:4:      minmay_clustersquares, layout_loops_ring,
          minmay_fractal_squares_diagonal_5
D:5:      layout_cave_pools, uniq_edmund
D:6:      layout_loops_corners, mainiacjoe_overflow_concentric_impassable,
          mainiacjoe_overflow_divided_tiny, minmay_temple_entry_waves,
          gammafunk_ghost_smash, monkooky_shop_mail_order,
          uniq_crazy_yiuf_cottage, uniq_duvessa
D:7:      layout_basic, st_stairs_11
D:8:      layout_loops_cross, lair_entry_dummy
D:9:      layout_cross, gammafunk_ghost_berserking_beasts, serial_rivers,
          chequers_serial_rivers_marsh, chequers_serial_rivers_micro_c,
          chequers_serial_rivers_micro_b, chequers_serial_rivers_micro_e,
          chequers_serial_rivers_marsh, chequers_serial_rivers_marsh
Temple:   nicolae_temple_bog_church

Notes
Turn   | Place    | Note
-------+----------+-------------------------------------------
     0 | D:1      | ytrimaz the Octopode Shapeshifter began the quest for the
                  | Orb.
     0 | D:1      | Reached XP level 1. HP: 13/13 MP: 1/1
     0 | D:1      | magus.rc [v1.9.6]
   392 | D:1      | Reached XP level 2. HP: 18/18 MP: 2/2
   538 | D:1      | Found a faded altar of an unknown god.
   608 | D:2      | Noticed Natasha
   614 | D:2      | Killed Natasha
   615 | D:2      | Reached XP level 3. HP: 22/23 MP: 3/3
   757 | D:2      | Noticed Sigmund
   770 | D:2      | Killed Sigmund
   771 | D:2      | Reached skill level 5 in Unarmed Combat
   771 | D:2      | Reached XP level 4. HP: 18/28 MP: 4/4
   771 | D:2      | Reached XP level 5. HP: 21/33 MP: 5/5
  1069 | D:2      | You pick up a book of Burglary and begin reading...
  1069 | D:2      | You add the spells Passwall, Ensorcelled Hibernation and
                  | Swiftness to your library.
  1279 | D:2      | Reached skill level 6 in Unarmed Combat
  1279 | D:2      | Reached XP level 6. HP: 27/38 MP: 6/6
  1449 | D:2      | Noticed Natasha
  1458 | D:2      | Killed Natasha
  1459 | D:2      | Reached skill level 4 in Shapeshifting
  1605 | D:2      | Noticed Natasha
  1609 | D:2      | Killed Natasha
  2052 | D:3      | Identified the +2 flail "Meociot" {flame, rPois Will- Int+3
                  | SInv}
  2276 | D:3      | You pick up a book of Fire and begin reading...
  2276 | D:3      | You add the spells Foxfire, Plasma Beam and Starburst to
                  | your library.
  2288 | D:3      | You pick up a book of Displacement and begin reading...
  2288 | D:3      | You add the spells Lesser Beckoning, Gell's Gravitas and
                  | Teleport Other to your library.
  2407 | D:4      | Reached XP level 7. HP: 43/43 MP: 7/7
  2593 | D:4      | HP: 8/43 [orc wizard/puff of flame (12)]
  2599 | D:4      | Reached skill level 7 in Unarmed Combat
  2600 | D:4      | HP: 11/64 [orc wizard/+0 dagger (1)]
  2602 | D:4      | Reached skill level 5 in Shapeshifting
  2787 | D:4      | You pick up a book of Cantrips and begin reading...
  2787 | D:4      | You add the spells Necrotise, Summon Small Mammal and
                  | Apportation to your library.
  3124 | D:4      | Noticed a hornet
  3293 | D:4      | Killed a hornet
  3294 | D:4      | Reached skill level 6 in Shapeshifting
  3294 | D:4      | Reached XP level 8. HP: 48/48 MP: 8/8
  3693 | D:5      | Entered Level 5 of the Dungeon
  3778 | D:5      | Reached skill level 8 in Unarmed Combat
  3928 | D:4      | HP: 6/44 [gnoll/+0 flail (10)]
  4420 | D:5      | HP: 12/48 [centaur/arrow (8)]
  4421 | D:5      | HP: 2/48 [centaur/arrow (8)]
  4672 | D:5      | Noticed Edmund
  4680 | D:5      | Killed Edmund
  4790 | D:5      | Reached skill level 7 in Shapeshifting
  4863 | D:5      | You pick up a book of Blood and begin reading...
  4863 | D:5      | You add the spells Sublimation of Blood, Wereblood and
                  | Summon Hydra to your library.
  4952 | D:5      | Identified the ring "Odel Soi" {Fire rElec Int-5 Dex+3}
  4960 | D:5      | Reached skill level 9 in Unarmed Combat
  4966 | D:5      | Reached XP level 9. HP: 49/53 MP: 9/9
  5089 | D:6      | Found a sparkling altar of Nemelex Xobeh.
  5104 | D:6      | Found a runed translucent door.
  5105 | D:6      | Noticed Crazy Yiuf
  5382 | D:6      | Identified the +5 ring mail of Trial and Error {rN+ MP+9
                  | Int+3}
  5432 | D:6      | Found a staircase to the Ecumenical Temple.
  5441 | Temple   | Entered the Ecumenical Temple
  5480 | D:6      | Found a transporter.
  5493 | D:6      | Identified the +1 giant club of Overwhelming Force {drain,
                  | Str+3 Int+3}
  5493 | D:6      | Noticed a two-headed ogre
  5493 | D:6      | Noticed Age's ghost (novice MiFi)
  5634 | D:6      | Found a transporter.
  5715 | D:6      | Noticed Duvessa
  5717 | D:6      | Noticed Dowan
  5723 | D:6      | Killed Duvessa
  5730 | D:6      | Killed Dowan
  5736 | D:6      | Reached skill level 8 in Shapeshifting
  6059 | D:6      | Found a hide-covered altar of Uskayaw.
  6060 | D:6      | Found a broken altar of Ashenzari.
  6071 | D:6      | HP: 7/53 [ogre/+0 giant club (27)]
  6274 | D:6      | Became a worshipper of Ashenzari the Shackled
  6339 | D:6      | Found Momaqica's Mail-Order Catalogue.
  6560 | D:7      | Reached skill level 10 in Unarmed Combat
  6992 | D:7      | You add the spells Cigotuvi's Dreadful Rot, Ignite Poison
                  | and Freezing Cloud to your library.
  7084 | D:7      | HP: 13/53 [orc/+0 flail (9)]
  7623 | D:7      | Identified the ring of Lialooh {rElec EV+5 Stlth+}
  7798 | D:7      | Reached skill level 9 in Shapeshifting
  7798 | D:7      | Reached XP level 10. HP: 55/58 MP: 10/10
  8109 | D:8      | Found a staircase to the Lair.
  8238 | D:8      | Reached skill level 3 in Dodging
  8269 | D:8      | Reached skill level 11 in Unarmed Combat
  8270 | D:8      | HP: 13/58 [gnoll/+0 halberd[a gnoll sergeant] (14)]
  8851 | D:8      | Noticed a two-headed ogre
  8857 | D:8      | Killed a two-headed ogre
  8858 | D:8      | Reached skill level 4 in Dodging
  9314 | D:8      | Reached * piety under Ashenzari
  9314 | D:8      | Identified a scroll of acquirement
  9320 | D:9      | Found a transporter.
  9342 | D:9      | Found a transporter.
  9346 | D:9      | Noticed bobarctor's ghost (novice DsNe)
  9346 | D:9      | Noticed a moth of wrath
  9346 | D:9      | Identified the ring "Ihusaxi" {Fly MP+9 Str-4 SInv}
  9406 | D:9      | HP: 14/88 [wyvern (9)]
  9407 | D:9      | Slain by a wyvern

Vanquished Creatures
  A two-headed ogre (D:8)
  A hornet (D:4)
  Sigmund (D:2)
  A wraith (D:7)
  A wyvern (D:9)
  Edmund (D:5)
  Duvessa (D:6)
  An ice beast (D:7)
  2 sky beasts
  3 ogres
  A black bear (D:5)
  4 centaurs
  A phantom (D:4)
  2 kobold brigands (D:7)
  A bullfrog (D:7)
  2 gnoll sergeants
  2 scorpions
  11 wights
  Dowan (D:6)
  5 killer bees
  3 howler monkeys
  2 jellies
  4 orc priests
  7 hounds
  A gnoll bouda (D:8)
  5 iguanas
  9 orc wizards
  Natasha (thrice) (D:2)
  3 sleepcaps
  7 adders
  13 gnolls
  2 shadow imps (D:6)
  3 white imps
  An ufetubus (D:4)
  4 worms
  A dart slug (D:2)
  26 orcs
  12 ball pythons
  4 bats
  6 endoplasms
  3 giant cockroaches
  3 goblins
  8 hobgoblins
  3 quokkas
  A frilled lizard (D:1)
  16 kobolds
  7 rats
200 creatures vanquished.

Vanquished Creatures (others)
  A sky beast (D:8)
1 creature vanquished.

Grand Total: 201 creatures vanquished

Table legend:
 A = Non-vault XP
 B = Vault XP
 C = Vault XP percentage of total XP
 D = Non-vault monster count
 E = Vault monster count
 F = Vault count percentage of total count
                 A         B        C        D         E       F
            +---------+---------+-------+---------+---------+-------
      Total |    6032 |    1331 |  18.1 |     167 |      34 |  16.9
            +---------+---------+-------+---------+---------+-------
        D:1 |      13 |       0 |   0.0 |       8 |       0 |   0.0
        D:2 |     161 |     287 |  64.1 |      17 |       8 |  32.0
        D:3 |     128 |       0 |   0.0 |      19 |       0 |   0.0
        D:4 |     584 |     429 |  42.3 |      23 |      20 |  46.5
        D:5 |     612 |     154 |  20.1 |      13 |       1 |   7.1
        D:6 |     829 |     211 |  20.3 |      18 |       2 |  10.0
        D:7 |    1458 |     250 |  14.6 |      35 |       3 |   7.9
        D:8 |    1924 |       0 |   0.0 |      32 |       0 |   0.0
        D:9 |     323 |       0 |   0.0 |       2 |       0 |   0.0
            +---------+---------+-------+---------+---------+-------

Skill      XL: |  1  2  3  4  5  6  7  8  9 10 |
---------------+-------------------------------+-----
Unarmed Combat | 5 6 7 9 10 11 | 11.0
Shapeshifting  | 4 6 7 9 |  9.9
Dodging        | 4 |  4.9
Fighting       | |  1.0

Action                     |  1- 3 |  4- 6 |  7- 9 | 10-12 || total
---------------------------+-------+-------+-------+-------++-------
  Melee: Unarmed           |    31 |    72 |   253 |    78 ||   434
         Constrict         |     6 |    24 |    55 |    26 ||   111
         Tentacles         |     2 |    14 |    61 |    21 ||    98
         Punch             |     1 |     4 |    12 |     6 ||    23
 Invoke: Curse Item        |       |       |     1 |     1 ||     2
  Evoke: Wand              |       |       |     7 |     4 ||    11
    Use: Potion            |     1 |       |     5 |     1 ||     7
   Stab: Sleeping          |     3 |    10 |     8 |     4 ||    25
         Distracted        |       |       |     1 |       ||     1
 Armour: Skin              |     6 |     4 |    31 |     4 ||    45
  Dodge: Dodged            |    11 |    40 |   178 |    84 ||   313

Illustrated notes

Table legend:
 A = Kills in this place as a percentage of kills in the entire game.
 B = Kills by you in this place as a percentage of kills by you in the entire game.
 C = Kills by friends in this place as a percentage of kills by friends in the entire game.
 D = Other kills in this place as a percentage of other kills in the entire game.
 E = Experience gained in this place as a percentage of experience gained in the entire game.
 F = Experience gained in this place divided by the number of levels of this place that you have seen.
                   A       B       C       D       E      F
               +-------+-------+-------+-------+-------+----------------------
         Total | 100.0 | 100.0 |   N/A | 100.0 | 100.0 | 736.3
       Dungeon | 100.0 | 100.0 |   N/A | 100.0 | 100.0 | 818.1
               +-------+-------+-------+-------+-------+----------------------

Table legend: (Time is in decaauts)
 A = Elapsed time spent in this place.
 B = Non-inter-level travel time spent in this place.
 C = Inter-level travel time spent in this place.
 D = Time resting spent in this place.
 E = Time spent auto-exploring this place.
 F = Levels seen in this place.
 G = Mean time per level.
                   A        B        C        D        E       F      G
               +--------+--------+--------+--------+--------+-----+--------+
         Total |   9352 |   9099 |    253 |    818 |   6733 |  10 |  935.2 |
       Dungeon |   9346 |   9095 |    251 |    818 |   6733 |   9 | 1038.4 |
        Temple |      5 |      3 |      2 |      0 |      0 |   1 |    5.0 |
               +--------+--------+--------+--------+--------+-----+--------+

Top non-repeatable levels by time:
     D:7: 2019 daAuts
     D:4: 1675 daAuts
     D:6: 1447 daAuts
     D:2: 1247 daAuts
     D:5: 952 daAuts
     D:8: 781 daAuts
     D:1: 607 daAuts
     D:3: 529 daAuts
     D:9: 86 daAuts
  Temple: 5 daAuts
